 Dungeon Crawl Stone Soup version 0.32-a0-791-gfc315c9ecd (webtiles) character file.

Game seed: 8489853268280623213

11214 cforsyth the Cleaver (level 11, -3/97 HPs)
             Began as a Mountain Dwarf Cinder Acolyte on Mar 21, 2024.
             Was a High Priest of Ignis.
             Slain by a cane toad (6 damage)
             ... on level 8 of the Dungeon.
             The game lasted 00:23:23 (12176 turns).

cforsyth the Cleaver (MDCA)                        Turns: 12176, Time: 00:23:25

Health: -3/97      AC: 16    Str: 21      XL:     11   Next: 46%
Magic:  8/20       EV:  2    Int: 15      God:    Ignis [*****.]
Gold:   637        SH:  0    Dex:  2 (5)  Spells: 20/22 levels left

rFire   + . .        t - +7 Throatcutter {drain, coup de grace}
rCold   . . .        (no shield)
rNeg    . . .        s - +0 plate armour
rPois   .            (no helmet)
rElec   .            r - +0 cloak
rCorr   .            h - +0 pair of gloves
SInv    .            (no boots)
Will    +....        v - amulet of regeneration Stlth
                     (no ring)
HPRegen 1.16/turn    (no ring)
MPRegen 0.17/turn

%: no passive effects
@: petrifying, very slow
A: runic magic, artefact enchanting
a: Renounce Religion, Fiery Armour, Foxfire Swarm, Rising Flame


You were on level 8 of the Dungeon.
You worshipped Ignis.
Ignis was extremely pleased with you.
You visited 2 branches of the dungeon, and saw 12 of its levels.

You collected 637 gold pieces.


Innate Abilities, Weirdness & Mutations

Your spellcasting is much less encumbered by armour.
You can use scrolls of enchantment on lesser artefacts.


   Skills:
 + Level 9.1 Fighting
 + Level 9.9 Axes
 + Level 8.2 Armour
 + Level 7.9 Shields
 + Level 6.2 Spellcasting
 + Level 9.5 Fire Magic


You had 20 spell levels left.
You knew the following spells:

 Your Spells              Type           Power      Damage    Failure   Level
X - Scorch                Fire           66%        2d7       1%          2

Your spell library contained the following spells:

 Spells                   Type           Power      Damage    Failure   Level
 Necrotise                Necr           16%        1d4       28%         1
 Jinxbite                 Hex            8%         N/A       41%         2
 Vampiric Draining        Necr           4%         2d6       65%         3
 Animate Dead             Necr           4%         N/A       96%         4
 Martyr's Knell           Necr/Summ      4%         N/A       96%         4
 Borgnjor's Vile Clutch   Necr/Erth      2%         N/A       100%        5
 Curse of Agony           Necr           4%         N/A       100%        5
 Yara's Violent Unravell  Hex/Alch       2%         3d3       100%        5
 Death Channel            Necr           2%         N/A       100%        6
 Enfeeble                 Hex            2%         N/A       100%        7

Inventory:

Hand Weapons
 a - a -1 hand axe of flaming
 t - the +7 Throatcutter (weapon) {drain, coup de grace}
   (You took it off Terence on level 3 of the Dungeon)
 z - a +1 vampiric war axe
Armour
 h - a +0 pair of gloves (worn)
 r - a +0 cloak (worn)
 s - a +0 plate armour (worn)
 C - a +0 helmet
Jewellery
 v - an amulet of regeneration (around neck)
Wands
 j - a wand of mindburst (6)
 w - a wand of flame (32)
 y - a wand of digging (6)
 B - a wand of polymorph (5)
Scrolls
 b - a scroll of vulnerability
 c - 3 scrolls of immolation
 d - 2 scrolls of teleportation {@r2}
 f - a scroll of poison
 g - 2 scrolls of fear
 l - 3 scrolls of blinking
 q - a scroll of enchant weapon
 A - a scroll of identify {@r1}
Potions
 e - 2 potions of heal wounds {@q2}
 i - a potion of attraction
 k - a potion of curing {@q1}
 m - a potion of invisibility {unknown}
 n - 3 potions of brilliance
 o - a potion of haste {unknown}
 p - 2 potions of lignification {unknown}
 u - a potion of cancellation {unknown}
 x - a potion of ambrosia {unknown}

Dungeon Overview and Level Annotations

Branches:
Dungeon (11/15)            Temple (0/1) D:4            Lair (1/5) D:8
    Orc (0/2) D:10

Altars:
Hepliaklqana
Sif Muna
Vehumet

Shops:
D:7 ![   D:10 (

Annotations:
D:6 5 runed translucent doors
D:7 2 transporters
D:11 Snorg

#.# #.# #############.###### ##
#...............##.######## #.
#.#####.###........#.##...# #.
#.#####.##............###.# #.
......#.##.......#....# #.# #.
.#....#...............###.# #.
......#..#.....l@†#....##.# #.
####.##........F........#.# #.
#.#####.#..............# ## ##.#
#.............##[# ##. ##..#
##..........[...#.# #.#
##...####..........###....#####.#
#.....>.'.........+([...........#
##...####.........####....######.
##.<# ##.......## ##.#.# ##


You could see a cane toad (combustible, drained) and a basilisk.


Message History

The basilisk bites you but does no damage.
The cane toad stings you but does no damage.
Unknown command.
Unknown command.
You feel better. The cane toad stings you!
* * * LOW HITPOINT WARNING * * *
You are poisoned.
The cane toad poisons you!
The basilisk bites you but does no damage.
Unknown command.
Unknown command.
You slash the cane toad! You drain the cane toad.
The cane toad is almost dead.
* * * LOW HITPOINT WARNING * * *
You feel extremely sick.
The cane toad stings you but does no damage.
The basilisk gazes at you.
You are slowing down.
The cane toad stings you!
* * * LOW HITPOINT WARNING * * *
Unknown command.
Okay, then.
Okay, then.
You feel better.
The basilisk bites you but does no damage.
The cane toad stings you!
* * * LOW HITPOINT WARNING * * *
The basilisk completely misses you. The cane toad stings you!
You die...
Ignis goes out, and joins you in death.

Skill      XL: |  1  2  3  4  5  6  7  8  9 10 11 |
---------------+----------------------------------+-----
Armour         | 1 2 3 4 5 6 7 8 |  8.2
Axes           | 4 5 6 7 8 9 |  9.9
Fire Magic     | 4 5 6 7 9 |  9.5
Fighting       | 4 5 6 7 8 9 |  9.1
Spellcasting   | 2 3 4 5 6 |  6.2
Shields        | 1 2 3 4 6 7 |  7.9

Action                     |  1- 3 |  4- 6 |  7- 9 | 10-12 || total
---------------------------+-------+-------+-------+-------++-------
  Melee: Hand axe          |    94 |    34 |       |       ||   128
         Long sword        |       |    27 |   107 |   369 ||   503
   Cast: Scorch            |    14 |    46 |   119 |    71 ||   250
  Evoke: Wand              |       |       |       |     4 ||     4
    Use: Scroll            |       |    12 |     1 |     4 ||    17
         Potion            |       |       |       |     5 ||     5
 Armour: Robe              |    56 |    51 |       |       ||   107
         Plate armour      |       |    22 |   232 |   891 ||  1145
  Dodge: Dodged            |    73 |    32 |    54 |   234 ||   393

Levels and vault maps discovered:
D:1:      grunt_arrival_crossed_arrows, layout_basic,
          hellmonk_ecumenical_altar_heavens_door, minmay_domino_4
D:2:      layout_basic, basic_altar
D:3:      layout_rooms, uniq_terence
D:4:      layout_basic, minmay_temple_entry_overgrown, enter_ossuary_3,
          hangedman_decor_peaks_small, chequers_mini_garden
D:5:      layout_cave_pools
D:6:      layout_basic, minmay_guarded_unrand_staff_of_olgreb
D:7:      layout_layer_cave, gammafunk_temple_overflow_pools, serial_shops,
          shop, nicolae_shop_drivethru, dreamdust_princess_bridge
D:8:      layout_loops_corners, dpeg_lair_monsters
D:9:      layout_cross
D:10:     layout_rooms, orc_david_3, statue_in_the_mist_lemuel, uniq_maurice
D:11:     layout_basic, uniq_snorg
Lair:1:   gammafunk_worm_tunnel, layout_gridlike, lemuel_fruit_fields

Notes
Turn   | Place    | Note
-------+----------+-------------------------------------------
     0 | D:1      | cforsyth the Mountain Dwarf Cinder Acolyte began the quest
                  | for the Orb.
     0 | D:1      | Reached XP level 1. HP: 19/19 MP: 2/2
   216 | D:1      | Reached XP level 2. HP: 22/26 MP: 3/3
   384 | D:1      | Reached skill level 1 in Armour
   506 | D:1      | Learned a level 2 spell: Scorch
   521 | D:1      | Found a faded altar of an unknown god.
   569 | D:1      | Reached XP level 3. HP: 31/31 MP: 5/5
   633 | D:2      | Found a shimmering blue altar of Sif Muna.
   737 | D:2      | Reached skill level 4 in Axes
   745 | D:2      | Reached skill level 4 in Fire Magic
  1494 | D:3      | Reached XP level 4. HP: 40/40 MP: 3/6
  1992 | D:2      | Reached skill level 4 in Fighting
  2098 | D:3      | Reached skill level 2 in Armour
  2098 | D:3      | Reached skill level 2 in Spellcasting
  2167 | D:3      | Reached XP level 5. HP: 43/46 MP: 1/8
  2281 | D:3      | Noticed Terence
  2514 | D:3      | Killed Terence
  2775 | D:4      | You fall into a shaft and drop 1 floor!
  2775 | D:5      | Entered Level 5 of the Dungeon
  2811 | D:5      | Noticed an ogre
  2839 | D:5      | Reached skill level 1 in Shields
  2843 | D:5      | HP: 2/47 [ogre/+0 giant spiked club (5)]
  2846 | D:5      | Killed an ogre
  2847 | D:5      | Reached XP level 6. HP: 2/53 MP: 2/9
  3067 | D:5      | Reached skill level 5 in Axes
  3256 | D:5      | Reached skill level 5 in Fire Magic
  3390 | D:5      | Reached skill level 3 in Armour
  3431 | D:5      | Reached skill level 2 in Shields
  3687 | D:4      | Reached XP level 7. HP: 55/60 MP: 10/10
  3761 | D:4      | Found a staircase to the Ecumenical Temple.
  4463 | D:5      | Reached skill level 5 in Fighting
  4729 | D:6      | Reached skill level 3 in Spellcasting
  4825 | D:6      | Reached skill level 3 in Shields
  4968 | D:6      | Reached skill level 6 in Axes
  4968 | D:6      | Reached skill level 4 in Armour
  4968 | D:6      | Reached XP level 8. HP: 69/69 MP: 7/12
  5124 | D:6      | Reached skill level 6 in Fire Magic
  5425 | D:6      | Found a runed translucent gate.
  5425 | D:6      | Found a runed translucent gate.
  5425 | D:6      | Found a runed translucent gate.
  5437 | D:6      | Found a runed translucent door.
  5446 | D:6      | Found the +9 staff of Olgreb {rPois∞}
  5449 | D:6      | Found a runed translucent door.
  6064 | D:7      | Reached skill level 6 in Fighting
  6064 | D:7      | Reached skill level 4 in Shields
  6172 | D:7      | Found Fosm's Antique Armour Boutique.
  6358 | D:7      | Found a transporter.
  6358 | D:7      | Found Duutas's Distillery.
  6516 | D:7      | Reached skill level 5 in Armour
  6548 | D:7      | Reached skill level 4 in Spellcasting
  6608 | D:7      | Reached skill level 7 in Axes
  6608 | D:7      | Reached XP level 9. HP: 35/78 MP: 10/15
  6772 | D:7      | Found a transporter.
  7133 | D:7      | Found a hazy altar of Hepliaklqana.
  7133 | D:7      | Found a radiant altar of Vehumet.
  7134 | D:7      | Noticed a two-headed ogre
  7141 | D:7      | Killed a two-headed ogre
  7142 | D:7      | Reached skill level 5 in Shields
  7142 | D:7      | Reached skill level 7 in Fire Magic
  7379 | D:8      | Found a staircase to the Lair.
  7382 | D:8      | Noticed a death yak
  7385 | D:8      | Noticed a komodo dragon
  7397 | D:7      | Reached skill level 7 in Fighting
  7698 | D:8      | Reached skill level 6 in Armour
  7730 | D:7      | Killed a komodo dragon
  7878 | D:7      | Reached skill level 8 in Axes
  8273 | D:8      | Killed a death yak
  8274 | D:8      | Reached skill level 6 in Shields
  8274 | D:8      | Reached skill level 5 in Spellcasting
  8274 | D:8      | Reached XP level 10. HP: 39/86 MP: 14/17
  8339 | D:8      | Reached skill level 8 in Fire Magic
  8682 | D:8      | Paralysed by a hornet for 3 turns
  9877 | D:9      | Reached skill level 8 in Fighting
  9877 | D:9      | Reached skill level 7 in Armour
  9886 | D:9      | Noticed an orange demon
 10013 | D:10     | Entered Level 10 of the Dungeon
 10177 | D:10     | Found a staircase to the Orcish Mines.
 10198 | D:10     | Reached skill level 9 in Axes
 10279 | D:9      | Reached skill level 7 in Shields
 10442 | D:10     | Found Yptoiq's Weapon Boutique.
 10692 | D:10     | Noticed Maurice
 10702 | D:10     | Something stole a +1 vampiric war axe
 10709 | D:10     | Something stole 566 gold
 10712 | D:10     | Something stole 20 gold
 10786 | D:10     | Killed Maurice
 10787 | D:10     | Reached skill level 9 in Fire Magic
 10950 | D:11     | Reached XP level 11. HP: 95/95 MP: 14/19
 11180 | D:11     | Reached skill level 6 in Spellcasting
 11308 | D:11     | Noticed a green ugly thing
 11318 | D:11     | Killed a green ugly thing
 11319 | D:11     | Reached skill level 8 in Armour
 11677 | D:11     | Reached skill level 9 in Fighting
 11760 | D:11     | Noticed Snorg
 11954 | Lair:1   | Entered Level 1 of the Lair of Beasts
 12175 | D:8      | HP: 8/97 [poisoned by a cane toad]
 12175 | D:8      | HP: 2/97 [cane toad (6)]
 12176 | D:8      | Slain by a cane toad

Vanquished Creatures
  A two-headed ogre (D:7)
  A death yak (D:8)
  An ugly thing (D:11)
  Maurice (D:10)
  A komodo dragon (D:7)
  8 kobold demonologists
  A troll (D:11)
  A hornet (D:8)
  3 blink frogs (D:8)
  A vampire (D:11)
  2 steam dragons
  6 yaks
  A basilisk (Lair:1)
  2 acid dragons
  5 sky beasts
  6 orc warriors
  An ogre (D:5)
  2 centaurs
  3 phantoms
  7 kobold brigands
  5 bullfrogs
  A scorpion (D:6)
  2 gnoll sergeants
  5 wights
  8 killer bees
  A bombardier beetle (D:4)
  5 jellies
  12 orc priests
  4 hounds
  5 iguanas
  2 sleepcaps
  Terence (D:3)
  5 orc wizards
  13 gnolls
  10 adders
  A shadow imp (D:5)
  2 white imps
  4 ufetubi
  3 dart slugs
  4 ribbon worms
  37 orcs
  6 endoplasms
  A giant cockroach (D:1)
  A gnoll zombie (D:4)
  7 hobgoblins
  3 jackals (D:1)
  2 quokkas
  7 ball pythons
  5 bats
  A frilled lizard (D:3)
  5 goblins
  21 kobolds
  11 rats
  A rat zombie (D:4)
255 creatures vanquished.

Table legend: (Time is in decaauts)
 A = Elapsed time spent in this place.
 B = Non-inter-level travel time spent in this place.
 C = Inter-level travel time spent in this place.
 D = Time resting spent in this place.
 E = Time spent auto-exploring this place.
 F = Levels seen in this place.
 G = Mean time per level.
                   A        B        C        D        E       F      G
               +--------+--------+--------+--------+--------+-----+--------+
         Total |  12428 |  12065 |    363 |   1951 |   7502 |  12 | 1035.7 |
       Dungeon |  12386 |  12024 |    362 |   1951 |   7502 |  11 | 1126.0 |
          Lair |     41 |     41 |      0 |      0 |      0 |   1 |   41.0 |
               +--------+--------+--------+--------+--------+-----+--------+

Top non-repeatable levels by time:
     D:8: 1752 daAuts
     D:7: 1650 daAuts
     D:6: 1349 daAuts
     D:5: 1164 daAuts
     D:2: 1075 daAuts
     D:3: 1040 daAuts
     D:9: 958 daAuts
    D:11: 932 daAuts
    D:10: 917 daAuts
     D:4: 913 daAuts
     D:1: 632 daAuts
  Lair:1: 41 daAuts

Table legend:
 A = Non-vault XP
 B = Vault XP
 C = Vault XP percentage of total XP
 D = Non-vault monster count
 E = Vault monster count
 F = Vault count percentage of total count
                 A         B        C        D         E       F
            +---------+---------+-------+---------+---------+-------
      Total |   13806 |    2215 |  13.8 |     239 |      16 |   6.3
            +---------+---------+-------+---------+---------+-------
        D:1 |      37 |       4 |   9.8 |      22 |       2 |   8.3
        D:2 |      84 |       0 |   0.0 |      15 |       0 |   0.0
        D:3 |      90 |      36 |  28.6 |      23 |       1 |   4.2
        D:4 |     227 |       3 |   1.3 |      15 |       2 |  11.8
        D:5 |     484 |       0 |   0.0 |      17 |       0 |   0.0
        D:6 |    1128 |       0 |   0.0 |      21 |       0 |   0.0
        D:7 |    1954 |     602 |  23.6 |      26 |       3 |  10.3
        D:8 |    2507 |    1076 |  30.0 |      28 |       4 |  12.5
        D:9 |    1891 |       0 |   0.0 |      20 |       0 |   0.0
       D:10 |     979 |     494 |  33.5 |      21 |       4 |  16.0
       D:11 |    4156 |       0 |   0.0 |      29 |       0 |   0.0
     Lair:1 |     269 |       0 |   0.0 |       2 |       0 |   0.0
            +---------+---------+-------+---------+---------+-------
